 Dungeon Crawl Stone Soup version 0.19-a0-713-g934ebc7 (webtiles) character file.

196 inmateoo the Covered (level 5, -7/33 HPs)
             Began as a Gargoyle Fighter on June 20, 2016.
             Mangled by an ice beast (12 damage)
             ... on level 7 of the Dungeon.
             The game lasted 00:03:27 (2245 turns).

inmateoo the Covered (Gargoyle Fighter)             Turns: 2245, Time: 00:03:28

Health: -7/33      AC: 17    Str: 25    XL:     5   Next: 74%
Magic:  5/5        EV:  6    Int:  9    God:
Gold:   134        SH:  9    Dex:  9    Spells: 0 memorised, 4 levels left

rFire  . . .     SeeInvis .     a - +0 flail
rCold  . . .     Gourm    .     s - +0 chain mail
rNeg   + . .     Faith    .     c - +0 shield
rPois  ∞         Spirit   .     e - +2 helmet
rElec  +         Dismiss  .     v - +0 cloak
rCorr  .         Reflect  .     (no gloves)
SustAt .         Harm     .     (no boots)
MR     .....                    (no amulet)
Stlth  ..........               (no ring)
                                (no ring)

@: mighty, not resistant to hostile enchantments, extremely unstealthy
A: negative energy resistance 1, electricity resistance, unbreathing,
petrification resistance, rot immunity, AC +4
a: no special abilities


You were on level 7 of the Dungeon.
You were not hungry.

You visited 1 branch of the dungeon, and saw 5 of its levels.

You collected 134 gold pieces.

Inventory:

Hand Weapons
 a - a +0 flail (weapon)
 w - a +0 dagger of electrocution
 x - a cursed +0 mace
 y - a cursed +0 mace
 z - a +1 mace of protection
 A - a cursed +0 mace
Armour
 c - a +0 shield (worn)
 e - a +2 helmet (worn)
 s - a +0 chain mail (worn)
 v - a +0 cloak (worn)
Wands
 B - a wand of lightning (6/15)
Scrolls
 b - 2 scrolls of amnesia {unknown}
 h - a scroll of enchant armour {unknown}
 i - 4 scrolls of remove curse {unknown}
 j - a scroll of immolation
 l - a scroll of magic mapping {unknown}
 m - 2 scrolls of enchant weapon {unknown}
 o - a scroll of blinking {unknown}
 p - 2 scrolls of identify {unknown}
 r - a scroll of fog {unknown}
 t - a scroll of noise {unknown}
Potions
 g - a potion of haste {unknown}
 q - 3 potions of curing {unknown}
 D - a potion of agility {unknown}
 E - a potion of heal wounds {unknown}
Books
 u - a book of Changes

   Spells                             Type                      Level
   a - Beastly Appendage              Transmutation                1
   b - Sticks to Snakes               Transmutation                2
   c - Spider Form                    Transmutation/Poison         3
   d - Ice Form                       Ice/Transmutation            4
   e - Blade Hands                    Transmutation                5
Comestibles
 f - 2 bread rations
 k - a slice of pizza
 n - a beef jerky
 C - a chunk of flesh


   Skills:
 + Level 4.2 Fighting
 * Level 3.7 Maces & Flails
 + Level 4.3 Armour
 + Level 1.1 Dodging
 + Level 3.8 Shields


You had 4 spell levels left.
You didn't know any spells.

Dungeon Overview and Level Annotations

Branches:
Dungeon (7/15)
 Temple: D:4-7

Altars:
Trog
The Shining One


Innate Abilities, Weirdness & Mutations

You are resistant to torment.
Your stone body is resilient. (AC +4)
You are immune to poison.
You resist negative energy. (rN+)
You are resistant to electric shocks. (rElec)
You can survive without breathing.
You are immune to petrification.
You are immune to rotting.


Message History

You block the ice beast's attack.
The ice beast hits you but does no damage.
Your shield and chain mail prevent you from hitting the ice beast.
The ice beast is lightly wounded.
The ice beast hits you. The ice beast freezes you!
* * * LOW HITPOINT WARNING * * *
You are too injured to fight recklessly!
You are too injured to fight recklessly!
Unknown command.
You feel very mighty all of a sudden. You block the ice beast's attack.
You hit the ice beast.
The ice beast is lightly wounded.
The ice beast barely misses you.
You bludgeon the ice beast!!
The ice beast is almost dead.
The ice beast hits you.
* * * LOW HITPOINT WARNING * * *
The ice beast freezes you!
You die...

.##...#.####.#####
.)................
........####.#####
.#.#....# #
'#.##...#
....#...#
...##...#
_.(.....#
###############
...##...#
#...@Y.<.......
....#..##
#.############.
+##.#..# #.#
.#.##..# #.#
.......# #.#
.......# #.#
######## #.# #
######.# #
#......#


You could see an ice beast.

Vanquished Creatures
  Crazy Yiuf (D:2)
  Ijyb (D:2)
  Natasha (D:3)
  5 adders
  A white imp (D:7)
  An ooze (D:3)
  A worm (D:3)
  A dart slug (D:3)
  3 giant geckos
  7 bats
  3 giant cockroaches (D:2)
  2 hobgoblins
  A quokka (D:2)
  A giant newt (D:1)
  9 goblins
  A goblin skeleton (D:7)
  2 goblin zombies (D:7)
  4 hobgoblin zombies (D:7)
  5 kobolds
  3 kobold skeletons (D:7)
  3 kobold zombies (D:7)
  2 orc zombies (D:7)
  3 rats (D:1)
  A fungus (D:2)
62 creatures vanquished.

Notes
Turn   | Place    | Note
--------------------------------------------------------------
     0 | D:1      | inmateoo the Gargoyle Fighter began the quest for the Orb.
     0 | D:1      | Reached XP level 1. HP: 14/14 MP: 1/1
    90 | D:1      | Reached XP level 2. HP: 18/19 MP: 2/2
   757 | D:2      | Reached XP level 3. HP: 23/23 MP: 3/3
  1087 | D:2      | Found a bloodstained altar of Trog.
  1160 | D:2      | Reached XP level 4. HP: 26/29 MP: 4/4
  1449 | D:2      | Noticed Ijyb
  1467 | D:2      | Killed Ijyb
  1493 | D:2      | Noticed Crazy Yiuf
  1503 | D:2      | Killed Crazy Yiuf
  1503 | D:2      | Reached skill level 1 in Dodging
  1503 | D:2      | Reached XP level 5. HP: 28/33 MP: 5/5
  1673 | D:3      | Noticed Natasha
  1688 | D:3      | Killed Natasha
  2025 | D:3      | You fall through a shaft for 3 floors!
  2025 | D:6      | Noticed an ogre
  2098 | D:7      | Found a glowing golden altar of the Shining One.
  2232 | D:7      | Noticed an ice beast
  2245 | D:7      | Mangled by an ice beast

Vault maps used:
D:1:      minmay_arrival_radiant_lines
D:2:      nicolae_overflow_crystal_walls, uniq_crazy_yiuf_cottage, uniq_iyjb
D:3:      first_bread, patterned_corridor, uniq_natasha
D:6:      lemuel_ratsnest, grunt_gozag_breadcrumbs, kennysheep_generic_room_9
D:7:      nicolae_tso_besieged_by_evil

Skill      XL: |  1  2  3  4  5 |
---------------+----------------+-----
Maces & Flails | 3 |  3.7
Armour         | 4 |  4.3
Dodging        | 1 |  1.1
Fighting       | 4 |  4.2
Shields        | |  3.8

Action                   |  1- 3 |  4- 6 || total
-------------------------+-------+-------++-------
Melee: Flail             |   146 |    85 ||   231
       Dagger            |       |    83 ||    83
  Use: Scroll            |       |     1 ||     1
       Potion            |       |     1 ||     1
 Stab: Invisible         |       |     1 ||     1
  Eat: Chunk             |     1 |     4 ||     5
Armor: Scale mail        |    49 |       ||    49
       Chain mail        |    60 |   102 ||   162
Dodge: Dodged            |    54 |    42 ||    96
Block: Shield            |    94 |    70 ||   164
